[ AOE2 MATCH · #477777947 ]
UnrankedFranks vs Dravidians
[ REPLAY ANALYSIS · EXTRACTED FROM THE RECORDED GAME ]
Feudal
10:51
Castle
20:23
Imperial
—
| APM avg | 24.3 |
| APM peak | 62 |
| eAPM avg | 15.5 |
| Villagers / military | 123 / 80 |
Focus
⚔️ 23.7% · 🌾 76.3%
Throwing Axeman ×47 · Knight ×22 · Battering Ram ×4 · Scout Cavalry ×3 · Mangonel ×2 · Spearman ×2
Feudal
—
Castle
—
Imperial
—
| APM avg | 14.7 |
| APM peak | 47 |
| eAPM avg | 9.7 |
| Villagers / military | 57 / 42 |
Focus
⚔️ 32.8% · 🌾 67.2%
Urumi Swordsman ×36 · Mangonel ×4 · Armored Elephant ×2
Feudal
13:46
Castle
27:07
Imperial
—
| APM avg | 24.3 |
| APM peak | 54 |
| eAPM avg | 10.0 |
| Villagers / military | 64 / 31 |
Focus
⚔️ 17.6% · 🌾 82.4%
Archer ×31
Feudal
10:47
Castle
17:03
Imperial
—
| APM avg | 23.4 |
| APM peak | 117 |
| eAPM avg | 13.7 |
| Villagers / military | 65 / 31 |
Focus
⚔️ 34.1% · 🌾 65.9%
Samurai ×29 · Battering Ram ×2
Match map
Initial resources + every placement click. Lines = walls · curves = elevation contours. ◆ gold · ⬟ stone · ● berries · ✦ relic · ◌ wall gap
Your base· Open — 2t gap
SASH9's base· Open — unwalled flank
slayopatra's base· Open — unwalled flank
Анатолий's base· Open — unwalled flank
Smoothed initial terrain · ◌ = detected wall gap · hover for details
Inputs per minute
— bixo - - SASH9
Build order — bixo
First 150 of 214 actions detected
| 0:02 | Build | House |
| 0:04 | Build | House |
| 0:05 | Create | Villager (Male) ×4 |
| 1:37 | Create | Villager (Male) |
| 2:13 | Create | Villager (Male) |
| 2:14 | Create | Villager (Male) |
| 2:20 | Create | Villager (Male) |
| 2:48 | Build | Mill |
| 3:02 | Create | Villager (Male) |
| 3:02 | Create | Villager (Male) |
| 3:31 | Create | Villager (Male) |
| 4:02 | Build | House |
| 4:06 | Create | Villager (Male) ×2 |
| 4:51 | Create | Villager (Male) |
| 4:51 | Create | Villager (Male) |
| 4:58 | Build | Lumber Camp |
| 5:18 | Create | Villager (Male) ×4 |
| 5:18 | Create | Villager (Male) ×5 |
| 5:18 | Create | Villager (Male) ×5 |
| 6:00 | Build | House |
| 6:07 | Build | Palisade Wall |
| 6:10 | Build | Palisade Wall |
| 6:11 | Build | Palisade Wall |
| 6:15 | Create | Villager (Male) ×3 |
| 7:33 | Build | Palisade Wall |
| 7:39 | Build | Palisade Wall |
| 8:08 | Research | Feudal Age |
| 8:24 | Build | Palisade Wall |
| 8:36 | Build | Mining Camp |
| 8:47 | Research | Loom |
| 9:05 | Build | Lumber Camp |
| 9:50 | Build | House |
| 9:55 | Build | Palisade Wall |
| 10:51 | Age | Feudal Age |
| 10:53 | Build | Barracks |
| 10:59 | Create | Villager (Male) |
| 11:12 | Create | Villager (Male) |
| 11:38 | Build | Blacksmith |
| 11:58 | Build | Stable |
| 12:02 | Build | Palisade Wall |
| 12:10 | Create | Villager (Male) |
| 12:16 | Build | House |
| 12:42 | Build | Blacksmith |
| 13:00 | Build | Palisade Wall |
| 13:12 | Create | Scout Cavalry |
| 13:12 | Create | Scout Cavalry |
| 13:12 | Create | Scout Cavalry |
| 13:16 | Build | Farm |
| 13:22 | Build | Farm |
| 13:22 | Build | Farm |
| 13:37 | Build | Farm |
| 13:40 | Create | Villager (Male) |
| 13:40 | Create | Villager (Male) |
| 14:21 | Build | Farm |
| 14:24 | Build | Farm |
| 14:37 | Build | Mill |
| 14:50 | Create | Villager (Male) |
| 14:51 | Create | Villager (Male) |
| 14:57 | Build | House |
| 15:12 | Build | House |
| 15:20 | Build | Farm |
| 15:21 | Build | Farm |
| 16:03 | Create | Villager (Male) |
| 16:08 | Create | Villager (Male) |
| 16:08 | Create | Villager (Male) ×5 |
| 16:08 | Create | Villager (Male) ×5 |
| 16:20 | Build | Farm |
| 16:20 | Build | Farm |
| 17:08 | Build | House |
| 17:37 | Research | Castle Age |
| 17:42 | Build | House |
| 17:43 | Build | House |
| 17:53 | Build | Palisade Wall |
| 17:57 | Build | House |
| 18:09 | Build | Farm |
| 18:16 | Research | Double-Bit Axe |
| 18:20 | Create | Villager (Male) |
| 18:20 | Create | Villager (Male) |
| 18:54 | Research | Scale Barding Armor |
| 18:59 | Create | Villager (Male) |
| 18:59 | Create | Villager (Male) |
| 19:18 | Build | Mining Camp |
| 19:44 | Build | Market |
| 20:23 | Age | Castle Age |
| 20:35 | Create | Knight |
| 20:35 | Create | Knight |
| 20:37 | Create | Knight |
| 20:45 | Build | Siege Workshop |
| 20:48 | Create | Villager (Male) |
| 20:58 | Build | Town Center |
| 21:19 | Research | Wheelbarrow |
| 22:18 | Build | Castle |
| 22:25 | Create | Villager (Male) |
| 22:26 | Research | Wheelbarrow |
| 22:30 | Create | Villager (Male) |
| 22:30 | Create | Villager (Male) |
| 22:44 | Create | Knight |
| 23:22 | Create | Mangonel |
| 23:23 | Create | Mangonel |
| 23:47 | Create | Villager (Male) |
| 23:48 | Research | Hand Cart |
| 23:49 | Create | Throwing Axeman |
| 23:49 | Create | Throwing Axeman |
| 23:50 | Create | Throwing Axeman |
| 24:10 | Create | Villager (Male) |
| 24:10 | Create | Villager (Male) |
| 24:10 | Create | Villager (Male) |
| 24:23 | Create | Throwing Axeman ×3 |
| 24:34 | Build | Farm |
| 24:58 | Create | Throwing Axeman ×2 |
| 25:06 | Create | Villager (Male) |
| 25:06 | Create | Villager (Male) |
| 25:06 | Create | Villager (Male) |
| 25:17 | Create | Battering Ram |
| 25:17 | Create | Battering Ram |
| 25:26 | Build | Mining Camp |
| 25:27 | Create | Villager (Male) |
| 25:28 | Create | Villager (Male) |
| 25:28 | Create | Villager (Male) |
| 25:40 | Build | Town Center |
| 25:50 | Build | Farm |
| 26:01 | Create | Battering Ram |
| 26:04 | Create | Throwing Axeman |
| 26:07 | Build | Farm |
| 26:20 | Create | Villager (Male) |
| 26:20 | Create | Villager (Male) |
| 26:32 | Create | Throwing Axeman ×2 |
| 26:36 | Build | Farm |
| 26:49 | Create | Villager (Male) |
| 26:52 | Build | Farm |
| 26:53 | Build | Farm |
| 26:53 | Build | Farm |
| 27:09 | Create | Knight |
| 27:09 | Create | Knight |
| 27:20 | Create | Villager (Male) |
| 27:20 | Create | Villager (Male) |
| 27:20 | Create | Villager (Male) |
| 27:20 | Create | Villager (Male) |
| 27:30 | Build | Farm |
| 27:30 | Build | Farm |
| 27:31 | Build | Farm |
| 27:31 | Build | Farm |
| 27:31 | Build | Farm |
| 27:39 | Research | Town Watch |
| 27:40 | Create | Villager (Male) |
| 27:40 | Create | Villager (Male) |
| 27:52 | Create | Battering Ram |
| 27:55 | Create | Villager (Male) |
| 27:55 | Create | Villager (Male) |
| 28:06 | Create | Throwing Axeman |
Build order — SASH9
140 actions detected in the replay
| 0:16 | Build | House |
| 0:19 | Build | House |
| 1:07 | Create | Villager (Male) |
| 1:08 | Create | Villager (Male) |
| 1:08 | Create | Villager (Male) |
| 1:08 | Create | Villager (Male) |
| 1:08 | Create | Villager (Male) |
| 1:52 | Create | Villager (Male) |
| 2:45 | Create | Villager (Male) |
| 3:09 | Create | Villager (Male) |
| 3:16 | Build | Mill |
| 3:35 | Create | Villager (Male) |
| 4:19 | Create | Villager (Male) |
| 4:19 | Create | Villager (Male) |
| 4:43 | Create | Villager (Male) |
| 4:56 | Build | House |
| 4:57 | Build | House |
| 5:16 | Create | Villager (Male) |
| 5:17 | Create | Villager (Male) |
| 5:17 | Create | Villager (Male) |
| 5:17 | Create | Villager (Male) |
| 5:47 | Create | Villager (Male) |
| 5:48 | Create | Villager (Male) |
| 6:07 | Create | Villager (Male) |
| 7:41 | Create | Villager (Male) |
| 7:43 | Create | Villager (Male) |
| 7:43 | Create | Villager (Male) |
| 7:44 | Create | Villager (Male) |
| 7:44 | Create | Villager (Male) |
| 9:29 | Build | Mining Camp |
| 9:55 | Build | Mining Camp |
| 10:10 | Research | Feudal Age |
| 11:29 | Create | Villager (Male) |
| 11:42 | Build | Lumber Camp |
| 13:25 | Build | Market |
| 13:30 | Build | Blacksmith |
| 14:06 | Research | Double-Bit Axe |
| 14:21 | Research | Castle Age |
| 14:21 | Research | Castle Age |
| 15:17 | Build | Farm |
| 15:18 | Build | Farm |
| 15:18 | Build | Farm |
| 15:18 | Build | Farm |
| 15:19 | Build | Farm |
| 15:26 | Create | Villager (Male) |
| 15:27 | Create | Villager (Male) |
| 15:27 | Create | Villager (Male) |
| 17:12 | Build | House |
| 17:14 | Build | House |
| 17:17 | Build | House |
| 17:19 | Build | House |
| 17:28 | Research | Bow Saw |
| 17:39 | Research | Gold Mining |
| 17:44 | Create | Villager (Male) |
| 17:57 | Build | Castle |
| 18:35 | Research | Loom |
| 18:37 | Create | Villager (Male) |
| 18:38 | Create | Villager (Male) |
| 18:39 | Create | Villager (Male) |
| 18:39 | Create | Villager (Male) |
| 18:58 | Build | Farm |
| 18:59 | Build | Farm |
| 19:35 | Build | Farm |
| 19:37 | Create | Villager (Male) |
| 19:37 | Create | Villager (Male) |
| 20:25 | Build | Town Center |
| 20:28 | Create | Villager (Male) |
| 20:30 | Create | Villager (Male) |
| 21:31 | Create | Urumi Swordsman |
| 21:32 | Create | Urumi Swordsman |
| 21:32 | Create | Urumi Swordsman |
| 21:41 | Create | Urumi Swordsman |
| 21:41 | Create | Urumi Swordsman |
| 21:47 | Build | Farm |
| 21:47 | Build | Farm |
| 21:47 | Build | Farm |
| 21:48 | Build | Farm |
| 21:48 | Build | Farm |
| 21:59 | Create | Villager (Male) |
| 21:59 | Create | Villager (Male) |
| 22:24 | Create | Villager (Male) |
| 22:24 | Create | Villager (Male) |
| 22:49 | Create | Villager (Male) |
| 22:54 | Create | Villager (Male) |
| 22:54 | Create | Villager (Male) |
| 22:56 | Build | Farm |
| 23:08 | Create | Villager (Male) |
| 23:08 | Create | Villager (Male) |
| 23:22 | Build | Farm |
| 23:25 | Build | Farm |
| 23:36 | Create | Villager (Male) |
| 23:36 | Create | Villager (Male) |
| 23:58 | Create | Urumi Swordsman |
| 23:58 | Create | Urumi Swordsman |
| 24:27 | Create | Villager (Male) |
| 24:27 | Create | Villager (Male) |
| 24:32 | Create | Urumi Swordsman |
| 25:16 | Create | Urumi Swordsman |
| 25:17 | Create | Urumi Swordsman |
| 25:17 | Create | Urumi Swordsman |
| 25:17 | Create | Urumi Swordsman |
| 25:25 | Create | Urumi Swordsman |
| 25:33 | Create | Villager (Male) |
| 25:41 | Create | Villager (Male) |
| 25:41 | Create | Villager (Male) |
| 25:48 | Build | Siege Workshop |
| 26:01 | Create | Villager (Male) |
| 26:01 | Create | Villager (Male) |
| 26:25 | Create | Villager (Male) |
| 26:25 | Create | Villager (Male) |
| 28:19 | Build | Lumber Camp |
| 28:31 | Create | Armored Elephant |
| 28:32 | Create | Armored Elephant |
| 28:36 | Create | Urumi Swordsman |
| 28:37 | Create | Urumi Swordsman |
| 28:37 | Create | Urumi Swordsman |
| 28:42 | Create | Mangonel |
| 28:42 | Create | Mangonel |
| 29:40 | Create | Urumi Swordsman |
| 29:41 | Create | Urumi Swordsman |
| 29:41 | Create | Urumi Swordsman |
| 29:41 | Create | Urumi Swordsman |
| 29:41 | Create | Urumi Swordsman |
| 29:41 | Create | Urumi Swordsman |
| 32:49 | Create | Urumi Swordsman |
| 32:50 | Create | Urumi Swordsman |
| 32:50 | Create | Urumi Swordsman |
| 32:50 | Create | Urumi Swordsman |
| 32:51 | Create | Urumi Swordsman |
| 32:51 | Create | Urumi Swordsman |
| 32:51 | Create | Urumi Swordsman |
| 32:51 | Create | Urumi Swordsman |
| 32:51 | Create | Urumi Swordsman |
| 32:51 | Create | Urumi Swordsman |
| 32:52 | Create | Urumi Swordsman |
| 32:52 | Create | Urumi Swordsman |
| 32:52 | Create | Urumi Swordsman |
| 32:52 | Create | Urumi Swordsman |
| 33:00 | Create | Mangonel |
| 33:01 | Create | Mangonel |
Build order — slayopatra
139 actions detected in the replay
| 0:00 | Create | Villager (Male) |
| 0:01 | Create | Villager (Male) |
| 0:01 | Create | Villager (Male) |
| 0:01 | Create | Villager (Male) |
| 0:02 | Create | Villager (Male) |
| 0:04 | Build | House |
| 0:06 | Build | House |
| 1:31 | Create | Villager (Male) |
| 1:32 | Create | Villager (Male) |
| 1:48 | Build | Lumber Camp |
| 2:03 | Create | Villager (Male) |
| 2:03 | Create | Villager (Male) |
| 2:38 | Create | Villager (Male) |
| 2:38 | Create | Villager (Male) |
| 3:06 | Create | Villager (Male) |
| 3:07 | Create | Villager (Male) |
| 3:07 | Create | Villager (Male) |
| 3:07 | Create | Villager (Male) |
| 3:14 | Build | House |
| 3:36 | Research | Loom |
| 4:53 | Create | Villager (Male) |
| 4:54 | Create | Villager (Male) |
| 4:54 | Create | Villager (Male) |
| 4:54 | Create | Villager (Male) |
| 4:54 | Create | Villager (Male) |
| 4:54 | Create | Villager (Male) |
| 5:43 | Create | Villager (Male) |
| 5:44 | Create | Villager (Male) |
| 6:01 | Build | House |
| 6:43 | Build | Mill |
| 6:47 | Create | Villager (Male) |
| 7:41 | Build | Mill |
| 8:17 | Create | Villager (Male) |
| 8:17 | Create | Villager (Male) |
| 8:44 | Create | Villager (Male) |
| 8:52 | Build | Mining Camp |
| 9:31 | Build | Farm |
| 9:31 | Build | Farm |
| 9:35 | Create | Villager (Male) |
| 10:12 | Build | Barracks |
| 10:24 | Create | Villager (Male) |
| 10:43 | Build | House |
| 11:11 | Create | Villager (Male) |
| 11:13 | Research | Feudal Age |
| 12:33 | Create | Villager (Male) |
| 12:46 | Create | Villager (Male) |
| 12:47 | Create | Villager (Male) |
| 12:57 | Build | Farm |
| 12:57 | Build | Farm |
| 13:01 | Build | Farm |
| 13:08 | Build | Lumber Camp |
| 13:46 | Age | Feudal Age |
| 13:55 | Build | Archery Range |
| 14:08 | Research | Double-Bit Axe |
| 14:10 | Create | Villager (Male) |
| 14:10 | Create | Villager (Male) |
| 14:14 | Build | House |
| 14:16 | Build | House |
| 14:17 | Build | House |
| 14:24 | Create | Villager (Male) |
| 15:21 | Create | Villager (Male) |
| 15:30 | Create | Archer ×5 |
| 15:37 | Build | Archery Range |
| 15:48 | Build | Blacksmith |
| 16:04 | Create | Villager (Male) |
| 16:13 | Research | Gold Mining |
| 16:20 | Research | Fletching |
| 16:20 | Research | Padded Archer Armor |
| 16:24 | Create | Archer ×3 |
| 16:49 | Create | Archer ×4 |
| 16:54 | Create | Villager (Male) ×4 |
| 17:05 | Build | House |
| 17:06 | Build | House |
| 17:07 | Build | House |
| 17:08 | Build | House |
| 17:38 | Create | Villager (Male) |
| 17:44 | Create | Archer ×4 |
| 19:56 | Research | Wheelbarrow |
| 19:56 | Create | Villager (Male) |
| 20:12 | Build | Farm |
| 20:12 | Build | Farm |
| 20:12 | Build | Farm |
| 20:13 | Build | Farm |
| 20:13 | Build | Farm |
| 20:13 | Build | Farm |
| 20:13 | Build | Farm |
| 20:14 | Build | Farm |
| 20:14 | Build | Farm |
| 20:14 | Build | Farm |
| 20:14 | Build | Farm |
| 20:22 | Build | Mining Camp |
| 21:39 | Create | Villager (Male) ×4 |
| 21:39 | Create | Villager (Male) ×4 |
| 22:05 | Build | Mill |
| 22:10 | Build | Farm |
| 22:10 | Build | Farm |
| 22:10 | Build | Farm |
| 22:10 | Build | Farm |
| 22:11 | Build | Farm |
| 22:11 | Build | Farm |
| 22:11 | Build | Farm |
| 22:11 | Build | Farm |
| 22:12 | Build | Farm |
| 23:11 | Create | Villager (Male) |
| 23:12 | Create | Villager (Male) |
| 23:25 | Build | Market |
| 24:21 | Create | Archer ×5 |
| 24:24 | Create | Archer ×5 |
| 24:27 | Research | Castle Age |
| 24:44 | Build | Farm |
| 24:44 | Build | Farm |
| 24:55 | Research | Horse Collar |
| 25:04 | Build | Lumber Camp |
| 26:16 | Build | House |
| 26:18 | Build | House |
| 26:24 | Build | House |
| 26:25 | Build | House |
| 26:26 | Build | House |
| 26:27 | Build | House |
| 26:28 | Build | House |
| 26:29 | Build | House |
| 26:44 | Build | House |
| 27:07 | Age | Castle Age |
| 27:15 | Research | Crossbowman (upgrade) |
| 27:16 | Research | Thumb Ring |
| 27:21 | Research | Bodkin Arrow |
| 27:21 | Research | Leather Archer Armor |
| 27:34 | Build | Town Center |
| 27:59 | Create | Archer ×2 |
| 27:59 | Create | Archer ×2 |
| 29:24 | Create | Archer |
| 29:29 | Create | Villager (Male) ×5 |
| 30:12 | Build | University |
| 30:31 | Build | Castle |
| 31:16 | Research | Ballistics |
| 32:43 | Build | Castle |
| 34:15 | Build | Mining Camp |
| 34:57 | Create | Villager (Male) ×5 |
| 35:10 | Build | Mining Camp |
Build order — Анатолий
138 actions detected in the replay
| 0:01 | Create | Villager (Male) |
| 0:01 | Create | Villager (Male) |
| 0:01 | Create | Villager (Male) |
| 0:01 | Create | Villager (Male) |
| 0:02 | Create | Villager (Male) |
| 0:03 | Build | House |
| 0:04 | Build | House |
| 0:21 | Research | Loom |
| 0:22 | Create | Villager (Male) |
| 0:22 | Create | Villager (Male) |
| 0:22 | Create | Villager (Male) |
| 0:22 | Create | Villager (Male) |
| 0:23 | Create | Villager (Male) |
| 1:49 | Create | Villager (Male) |
| 1:49 | Create | Villager (Male) |
| 2:31 | Create | Villager (Male) |
| 2:31 | Create | Villager (Male) |
| 2:58 | Create | Villager (Male) |
| 2:59 | Create | Villager (Male) |
| 3:18 | Create | Villager (Male) |
| 3:18 | Create | Villager (Male) |
| 3:32 | Build | Lumber Camp |
| 3:40 | Create | Villager (Male) |
| 3:41 | Create | Villager (Male) |
| 4:15 | Create | Villager (Male) |
| 4:15 | Create | Villager (Male) |
| 4:35 | Build | House |
| 4:54 | Create | Villager (Male) |
| 4:54 | Create | Villager (Male) |
| 5:19 | Create | Villager (Male) |
| 5:19 | Create | Villager (Male) |
| 5:21 | Create | Villager (Male) |
| 5:21 | Create | Villager (Male) |
| 6:06 | Build | Mill |
| 6:27 | Create | Villager (Male) |
| 6:28 | Create | Villager (Male) |
| 6:35 | Build | House |
| 6:54 | Create | Villager (Male) |
| 6:54 | Create | Villager (Male) |
| 6:54 | Create | Villager (Male) |
| 6:55 | Create | Villager (Male) |
| 6:55 | Create | Villager (Male) |
| 8:07 | Create | Villager (Male) |
| 8:37 | Research | Feudal Age |
| 8:37 | Research | Feudal Age |
| 8:45 | Build | Farm |
| 8:48 | Build | Farm |
| 8:50 | Build | Farm |
| 8:54 | Build | Farm |
| 9:00 | Build | Farm |
| 9:18 | Create | Villager (Male) |
| 9:18 | Create | Villager (Male) |
| 9:24 | Build | Mining Camp |
| 10:21 | Build | Farm |
| 10:24 | Create | Villager (Male) |
| 10:47 | Age | Feudal Age |
| 10:59 | Build | Market |
| 11:08 | Build | Blacksmith |
| 11:12 | Create | Villager (Male) |
| 11:41 | Create | Villager (Male) |
| 11:43 | Create | Villager (Male) |
| 12:04 | Create | Villager (Male) |
| 12:07 | Build | House |
| 12:41 | Build | Barracks |
| 13:04 | Build | Mining Camp |
| 13:26 | Create | Villager (Male) |
| 13:42 | Build | Farm |
| 13:44 | Build | Farm |
| 13:50 | Create | Villager (Male) |
| 14:17 | Research | Castle Age |
| 14:43 | Build | Farm |
| 14:48 | Build | Farm |
| 14:54 | Build | Farm |
| 15:00 | Build | Farm |
| 15:06 | Create | Villager (Male) |
| 15:06 | Create | Villager (Male) |
| 15:17 | Research | Double-Bit Axe |
| 15:20 | Create | Villager (Male) |
| 17:03 | Age | Castle Age |
| 17:29 | Create | Villager (Male) |
| 17:32 | Create | Villager (Male) |
| 18:03 | Build | Farm |
| 18:17 | Build | Farm |
| 18:20 | Build | Farm |
| 18:33 | Build | Castle |
| 19:15 | Build | Watch Tower |
| 20:24 | Build | Mining Camp |
| 20:56 | Create | Villager (Male) |
| 20:57 | Create | Villager (Male) |
| 21:03 | Build | Farm |
| 21:45 | Create | Samurai |
| 21:45 | Create | Samurai |
| 21:46 | Create | Samurai |
| 21:46 | Create | Samurai |
| 21:46 | Create | Samurai |
| 21:46 | Create | Samurai |
| 21:47 | Create | Samurai |
| 22:17 | Create | Villager (Male) |
| 22:18 | Create | Villager (Male) |
| 22:27 | Build | Lumber Camp |
| 22:43 | Create | Samurai |
| 22:44 | Create | Samurai |
| 22:44 | Create | Samurai |
| 22:54 | Build | Farm |
| 23:41 | Create | Villager (Male) |
| 23:41 | Create | Villager (Male) |
| 24:33 | Build | Siege Workshop |
| 24:38 | Create | Samurai |
| 24:38 | Create | Samurai |
| 24:38 | Create | Samurai |
| 24:39 | Create | Samurai |
| 25:09 | Create | Samurai |
| 25:09 | Create | Samurai |
| 25:12 | Create | Villager (Male) |
| 25:13 | Create | Villager (Male) |
| 25:13 | Create | Villager (Male) |
| 25:31 | Create | Samurai |
| 25:32 | Create | Samurai |
| 26:19 | Create | Battering Ram |
| 26:27 | Create | Villager (Male) |
| 26:28 | Create | Villager (Male) |
| 26:45 | Create | Battering Ram |
| 26:47 | Create | Samurai |
| 26:47 | Create | Samurai |
| 26:58 | Create | Villager (Male) |
| 27:25 | Create | Villager (Male) |
| 27:26 | Create | Villager (Male) |
| 27:44 | Create | Samurai |
| 27:44 | Create | Samurai |
| 27:45 | Create | Samurai |
| 27:59 | Create | Samurai |
| 27:59 | Create | Samurai |
| 28:20 | Research | Forging |
| 28:49 | Create | Samurai |
| 28:49 | Create | Samurai |
| 28:49 | Create | Samurai |
| 28:49 | Create | Samurai |
| 29:22 | Create | Villager (Male) |
Match timeline
| 6:07 | bixo · wall_segment Palisade Wall x5 |
| 6:10 | bixo · wall_segment Palisade Wall x4 |
| 6:11 | bixo · wall_segment Palisade Wall x3 |
| 7:33 | bixo · wall_segment Palisade Wall x1 |
| 7:39 | bixo · wall_segment Palisade Wall x3 |
| 8:24 | bixo · wall_segment Palisade Wall x2 |
| 9:55 | bixo · wall_segment Palisade Wall x4 |
| 10:12 | slayopatra · first_building Barracks |
| 10:47 | Анатолий · age_up feudal |
| 10:51 | bixo · age_up feudal |
| 10:53 | bixo · first_building Barracks |
| 11:58 | bixo · first_building Stable |
| 12:02 | bixo · wall_segment Palisade Wall x3 |
| 12:41 | Анатолий · first_building Barracks |
| 13:00 | bixo · wall_segment Palisade Wall x10 |
| 13:46 | slayopatra · age_up feudal |
| 13:55 | slayopatra · first_building Archery Range |
| 13:58 | Анатолий · first_market_buy 100 food |
| 16:23 | Анатолий · first_market_sell 100 food |
| 17:03 | Анатолий · age_up castle |
| 17:53 | bixo · wall_segment Palisade Wall x16 |
| 17:57 | SASH9 · first_building Castle |
| 18:33 | Анатолий · first_building Castle |
| 20:12 | SASH9 · first_market_buy 100 stone |
| 20:23 | bixo · age_up castle |
| 20:45 | bixo · first_building Siege Workshop |
| 20:55 | bixo · first_market_buy 100 wood |
| 22:18 | bixo · first_building Castle |
| 24:33 | Анатолий · first_building Siege Workshop |
| 24:52 | slayopatra · first_market_buy 100 wood |
| 25:48 | SASH9 · first_building Siege Workshop |
| 27:07 | slayopatra · age_up castle |
| 29:25 | Анатолий · resign |
| 30:06 | slayopatra · first_market_sell 500 food |
| 30:31 | slayopatra · first_building Castle |
| 31:27 | bixo · first_market_sell 100 wood |
[ AI ANALYSIS · 1 CREDIT ]
What really happened in this match?
Wolo.gg analyzes every decision: build order, eco, micro, common mistakes by bracket. Personalized analysis on WhatsApp or Discord in 30 seconds.
Civ guide
Franks
Perfil
Jugador #24672653